cohdb
Replays
Latest Replays
All Replays
Popular Replays
Top Player Replays
Match Explorer
How It Works
Community
CoH3 Stats
Reddit
Sign in to upload your games and track your stats! →
Sign in with Steam
Match 43731645
Unlisted
Match 43731645
Overview
Messages
Build Orders
End
Vickers Machine Gun Team
Selects Indian Artillery Battlegroup
Construct Section Command Post
Infantry Section
Infantry Section
Selects Towed ML 4.2-inch Heavy Mortar
Infantry Section
ML 3-inch Mortar Team
Construct Platoon Command Post
Selects Off-map Airburst Barrage
Selects Valour
Selects Gurkha Rifles Section
Gurkha Rifles Section
Construct Field Infirmary
Selects Pillage
6-pounder Anti-tank Gun Team
robwarrior
Alessondria
0
0
Comments
sign in to comment!
No comments posted yet!